 Dungeon Crawl Stone Soup version 0.22-a0-21-g9421e3f (webtiles) character file.

1409 theanonym the Covert (level 8, 0/31 (36) HPs)
             Began as a Spriggan Enchanter on Jan 2, 2018.
             Slain by a necrophage (7 damage)
             ... on level 5 of the Dungeon.
             The game lasted 00:21:47 (7106 turns).

theanonym the Covert (Spriggan Enchanter)           Turns: 7106, Time: 00:21:47

HP:   0/31 (36)     AC:  6    Str:  4    XL:     8   Next: 42%
MP:   15/15         EV: 21    Int: 18    God:
Gold: 285           SH:  0    Dex: 17    Spells: 6/15 levels left

rFire    . . .     SeeInvis +   y - +0 dagger (freeze)
rCold    . . .     Gourm    .   (shield restricted)
rNeg     . . .     Faith    .   k - +1 robe {0}
rPois    .         Spirit   .   (helmet restricted)
rElec    .         Reflect  .   p - +2 cloak
rCorr    .         Harm     .   (gloves unavailable)
MR       +....                  (boots unavailable)
Stlth    ++++......             (no amulet)
HPRegen  0.10/turn              d - +3 ring of evasion
MPRegen  0.14/turn              (no ring)

@: starving, very quick
A: very small, unfitting armour, see invisible, herbivore, speed 3, slow
metabolism 2
a: no special abilities


Innate Abilities, Weirdness & Mutations

You are very small and have problems with some larger weapons.
You are too small for most types of armour.
You have supernaturally acute eyesight. (SInv)
You are a herbivore.
You cover ground extremely quickly.
You need consume almost no food.


   Skills:
 + Level 8.4 Short Blades
 - Level 3.0 Dodging
 + Level 9.7 Stealth
 + Level 4.4 Spellcasting
 - Level 5.1 Hexes


You had 6 spell levels left.
You knew the following spells:

 Your Spells              Type           Power        Failure   Level  Hunger
a - Corona                Hex            ###....      1%          1    None
b - Ensorcelled Hibernat  Hex/Ice        ##....       8%          2    #......
c - Confuse               Hex            ###.....     4%          3    ###....
d - Tukima's Dance        Hex            ###.....     4%          3    ###....

Skill      XL: |  1  2  3  4  5  6  7  8 |
---------------+-------------------------+-----
Short Blades   | 2 3 4 5 6 7 8 |  8.4
Stealth        | 5 6 7 8 9 |  9.7
Hexes          | 4 5 |  5.1
Spellcasting   | 3 4 |  4.4
Dodging        | |  3.0

Action                   |  1- 3 |  4- 6 |  7- 9 || total
-------------------------+-------+-------+-------++-------
Melee: Dagger            |   107 |   248 |   281 ||   636
 Fire: Hunting sling     |       |    28 |       ||    28
 Cast: Ensorcelled Hiber |    14 |    48 |    20 ||    82
       Confuse           |       |     3 |     6 ||     9
Evoke: Wand              |       |       |     7 ||     7
  Use: Scroll            |       |     4 |     2 ||     6
       Potion            |       |       |     2 ||     2
 Stab: Sleeping          |    17 |    32 |    15 ||    64
       Distracted        |       |     2 |       ||     2
       Confused          |       |     1 |     3 ||     4
  Eat: Ration            |       |     3 |     1 ||     4
Armor: Robe              |    13 |    14 |    31 ||    58
Dodge: Dodged            |    93 |   118 |   151 ||   362

Inventory:

Hand Weapons
 a - a +1 dagger
 b - a +0 rapier
   (You took it off Eustachio on level 5 of the Dungeon)
 w - a +0 hunting sling
   (You found it on level 2 of the Dungeon)
 y - a +0 dagger of freezing (weapon)
   (You took it off an orc wizard on level 4 of the Dungeon)
 A - a cursed -2 dagger
   (You took it off a goblin on level 3 of the Dungeon)
Missiles
 n - 203 stones (quivered)
 s - 24 sling bullets
Armour
 k - a +1 robe (worn) {0}
 p - a +2 cloak (worn)
   (You took it off Crazy Yiuf on level 2 of the Dungeon)
 v - a scarf of repulsion
   (You found it on level 3 of the Dungeon)
Jewellery
 d - a +3 ring of evasion (left hand)
   (You found it on level 1 of the Dungeon)
Wands
 l - a wand of polymorph (14)
   (You found it on level 2 of the Dungeon)
 x - a wand of flame (14)
   (You took it off Ijyb on level 3 of the Dungeon)
Scrolls
 e - a scroll of magic mapping {unknown}
 f - 2 scrolls of enchant armour
 j - a scroll of amnesia {unknown}
Potions
 g - a potion of brilliance {unknown}
 i - 6 potions of might
 m - 2 potions of invisibility {unknown}
 o - 2 potions of agility {unknown}
 q - a potion of magic {unknown}
 t - 4 potions of degeneration {unknown}
 u - 2 potions of berserk rage {unknown}
Books
 c - a book of Maledictions


You were on level 5 of the Dungeon.
You were starving.

You visited 2 branches of the dungeon, and saw 6 of its levels.

You collected 285 gold pieces.

Dungeon Overview and Level Annotations

Branches:
Dungeon (5/15)             Temple (1/1) D:4

Altars:
Ashenzari
Gozag
Hepliaklqana
Makhleb
Nemelex Xobeh
Qazlal
Ru
Trog
Uskayaw
Vehumet
Wu Jian
Xom
Zin
The Shining One

###...#...........###......# ...
..#........#...†..# #......# ...#
.....#.....#......###...)))#.....
.....#............##.............
##...#............##.............
#.......#<.......###.............
...>....+..........+....#.....##.
........#....#######...##.....#
.##...........hn@..+.###........
..#...........Z###..## #......#.
........##...†.###.## ##.....#
............###....# .....#
...................# .....# .#..
......#......### ##.. .....
#......#⌠#∩## .... #...##.∩...⌠#
.... #......#⌠#h##


You could see a necrophage, an adder zombie and a jackal.

Notes
Turn   | Place    | Note
-------+----------+-------------------------------------------
     0 | D:1      | theanonym the Spriggan Enchanter began the quest for the Orb.
     0 | D:1      | Reached XP level 1. HP: 9/9 MP: 5/5
     0 | D:1      | theanonym: ??spen
     0 | D:1      | beem: hyperbolic[1/4]: My 0.20 SpEn guide: SKILLS: Approximate goals are as follows: 1) 5 Short Blades, 8 Stealth. 2) 4 Spellcasting, 8 Hexes. 3) 3 Fighting, 8 Dodging. 4) 8 Short Blades, 12 Stealth. 5) 6 Fighting/Spellcasting, 10 Short Blades/Hexes, 15 Dodging/Stealth. 6) 10 Fighting, 27 Stealth, and whatever spell skills you want.
   231 | D:1      | Reached skill level 2 in Short Blades
   231 | D:1      | Reached XP level 2. HP: 12/13 MP: 6/6
   259 | D:1      | Learned a level 2 spell: Ensorcelled Hibernation
   389 | D:1      | HP: 6/13 [kobold (3)]
   855 | D:1      | Reached skill level 5 in Stealth
   869 | D:1      | HP: 6/13 [jackal (2)]
  1267 | D:2      | HP: 6/13 [poisoned by an adder]
  1268 | D:2      | Reached skill level 3 in Short Blades
  1268 | D:2      | Reached XP level 3. HP: 8/16 MP: 5/8
  1275 | D:2      | HP: 6/16 [poisoned by an adder]
  1283 | D:2      | HP: 4/16 [poisoned by an adder]
  1291 | D:2      | HP: 3/16 [poisoned by an adder]
  1550 | D:1      | Learned a level 3 spell: Confuse
  2079 | D:2      | Reached XP level 4. HP: 20/21 MP: 9/9
  2198 | D:2      | Found a runed door.
  2325 | D:2      | Found a sparkling altar of Nemelex Xobeh.
  2666 | D:2      | Reached skill level 4 in Short Blades
  2786 | D:2      | Reached skill level 6 in Stealth
  2987 | D:2      | Found a stormy altar of Qazlal.
  3178 | D:2      | HP: 9/21 [gnoll/whip (7)]
  3294 | D:2      | Reached XP level 5. HP: 18/24 MP: 3/10
  3444 | D:2      | Noticed Crazy Yiuf
  3452 | D:2      | Killed Crazy Yiuf
  3504 | D:3      | Noticed Ijyb
  3519 | D:3      | Killed Ijyb
  3519 | D:3      | Reached skill level 5 in Short Blades
  3680 | D:3      | Reached skill level 7 in Stealth
  3680 | D:3      | Reached XP level 6. HP: 28/28 MP: 11/11
  3689 | D:3      | Learned a level 3 spell: Tukima's Dance
  4263 | D:3      | Noticed Robin
  4297 | D:3      | Noticed Terence
  4303 | D:3      | Killed Terence
  4468 | D:3      | Killed Robin
  4731 | D:3      | Found a shadowy altar of Dithmenos.
  4732 | D:3      | Noticed Jessica
  4733 | D:3      | Found a glowing silver altar of Zin.
  4733 | D:3      | Found a sparkling altar of Nemelex Xobeh.
  4735 | D:3      | Found a shimmering altar of Xom.
  4735 | D:3      | Found a shimmering altar of Xom.
  4735 | D:3      | Found a shadowy altar of Dithmenos.
  4739 | D:3      | Killed Jessica
  4836 | D:4      | Reached skill level 4 in Hexes
  4851 | D:4      | Reached skill level 6 in Short Blades
  5332 | D:4      | Reached XP level 7. HP: 32/32 MP: 1/12
  5731 | D:4      | Reached skill level 8 in Stealth
  5753 | D:4      | Found a staircase to the Ecumenical Temple.
  5778 | Temple   | Entered the Ecumenical Temple
  5852 | Temple   | theanonym: !lg * spen win cv=0.20|0.21-a /god
  5852 | Temple   | beem: 79/79 games for * (spen win cv=0.20|0.21-a): N=79/79 (100.00%)
  5852 | Temple   | theanonym: !lg * spen win cv=0.20|0.21-a s=god
  5852 | Temple   | beem: 79 games for * (spen win cv=0.20|0.21-a): 29x Dithmenos, 25x Gozag, 10x Ashenzari, 3x Okawaru, 3x Wu Jian, 2x Zin, Ru, Sif Muna, Yredelemnul, Hepliaklqana, Jiyva, Kikubaaqudgha, Vehumet
  6007 | D:5      | Entered Level 5 of the Dungeon
  6062 | D:5      | Reached skill level 7 in Short Blades
  6296 | D:5      | Noticed Eustachio
  6306 | D:5      | HP: 16/32 [iguana (1)]
  6540 | D:5      | Killed Eustachio
  6540 | D:5      | Reached skill level 5 in Hexes
  6604 | D:5      | HP: 14/32 [centaur (7)]
  6606 | D:5      | Reached skill level 3 in Spellcasting
  6606 | D:5      | Reached XP level 8. HP: 11/36 MP: 1/13
  6817 | D:5      | Noticed Menkaure
  6824 | D:5      | Killed Menkaure
  6824 | D:5      | Reached skill level 8 in Short Blades
  6824 | D:5      | Reached skill level 9 in Stealth
  6899 | D:5      | Reached skill level 4 in Spellcasting
  7103 | D:5      | HP: 15/32 [necrophage (5)]
  7104 | D:5      | HP: 7/32 [necrophage (8)]
  7106 | D:5      | Slain by a necrophage

Vanquished Creatures
  Eustachio (D:5)
  Menkaure (D:5)
  An ice beast (D:5)
  A phantom (D:5)
  2 ogres (D:4)
  A centaur (D:5)
  A bullfrog (D:5)
  A howler monkey (D:3)
  A crimson imp (D:3)
  3 orc wizards
  An orc priest (D:5)
  A hound (D:4)
  Crazy Yiuf (D:2)
  Jessica (D:3)
  Terence (D:3)
  4 worker ants
  Ijyb (D:3)
  Robin (D:3)
  4 gnolls (D:2)
  12 adders
  3 oozes
  3 worms
  A dart slug (D:1)
  2 leopard geckos (D:2)
  11 orcs
  4 giant cockroaches
  10 goblins
  7 hobgoblins
  8 jackals
  5 kobolds
  A ball python skeleton (D:4)
  7 bats
  3 frilled lizards
  7 rats
  A fungus (D:3)
113 creatures vanquished.

Table legend:
 A = Turns spent in this place as a percentage of turns spent in the entire game.
 B = Non-inter-level travel turns spent in this place as a percentage of non-inter-level travel turns spent in the entire game.
 C = Inter-level travel turns spent in this place as a percentage of turns spent in this place.
 D = Turns resting spent in this place as a percentage of non-inter-level travel turns spent in this place.
 E = Turns spent auto-exploring this place as a percentage of non-inter-level travel turns spent in this place.
 F = Non-inter-level travel turns spent in this place divided by the number of levels of this place that you've seen.
                   A       B       C       D       E      F
               +-------+-------+-------+-------+-------+----------------------
         Total | 100.0 | 100.0 |   4.2 |  33.8 |  40.8 | 1135.0
       Dungeon |  98.8 |  98.9 |   4.0 |  34.2 |  40.2 | 1347.2
        Temple |   1.2 |   1.1 |  14.9 |   0.0 |  98.6 |  74.0
               +-------+-------+-------+-------+-------+----------------------
